 Dungeon Crawl Stone Soup version 0.29.0-4-gdea44cf6ec (webtiles) character file.

Game seed: 9988466230307904667

15 qw the Chopper (level 2, -1/17 HPs)
             Began as a Tengu Warper on Aug 28, 2022.
             Succumbed to their own poison gas
             ... on level 1 of the Dungeon.
             The game lasted 00:00:05 (1074 turns).

qw the Chopper (Tengu Warper)                       Turns: 1074, Time: 00:00:05

Health: -1/17      AC:  3    Str: 11    XL:     2   Next: 50%
Magic:  6/6        EV: 11    Int: 13    God:
Gold:   54         SH:  0    Dex: 13    Spells: 5/5 levels left

rFire   . . .      SeeInvis .   Y - +0 hand axe (protect)
rCold   . . .      Faith    .   (no shield)
rNeg    . . .      Spirit   .   b - +0 leather armour
rPois   .          Reflect  .   (helmet restricted)
rElec   .          Harm     .   (no cloak)
rCorr   .          Rampage  .   (no gloves)
Will    .....                   (boots unavailable)
Stlth   +.........              (no amulet)
HPRegen 0.05/turn               (no ring)
MPRegen 0.10/turn               (no ring)

@: lethally poisoned (-1 -> -13)
A: beak, talons 3
a: no special abilities


You were on level 1 of the Dungeon.
You visited 1 branch of the dungeon, and saw 1 of its levels.

You collected 54 gold pieces.


Innate Abilities, Weirdness & Mutations

You have a beak for a mouth.
You have claws for feet.


   Skills:
 - Level 2.0 Fighting
 + Level 3.3 Axes
 - Level 1.0 Throwing
 - Level 1.1 Armour
 - Level 2.1 Dodging
 - Level 2.0 Spellcasting
 - Level 2.4 Translocations


You had 5 spell levels left.
You didn't know any spells.
Your spell library contained the following spells:

 Spells                   Type           Power      Damage    Failure   Level
 Blink                    Tloc           14%        N/A       19%         2
 Gell's Gravitas          Tloc           7%         N/A       36%         3
 Lesser Beckoning         Tloc           7%         N/A       36%         3
 Teleport Other           Tloc           7%         N/A       36%         3
 Manifold Assault         Tloc           7%         N/A       98%         5

Inventory:

Hand Weapons
 l - a +0 whip
 Y - a +0 hand axe of protection (weapon)
Armour
 b - a +0 leather armour (worn)
Potions
 i - a potion of attraction {unknown}
 j - a potion of brilliance {unknown}

Dungeon Overview and Level Annotations

Branches:
Dungeon (1/15)

Altars:


Message History

It is a scroll of brand weapon.
Your +0 hand axe projects an invisible shield of force!
Y - a +0 hand axe of protection (weapon)
Done exploring.
1067 ||| READING scroll labelled QOUDDAUTOO.
As you read the scroll labelled QOUDDAUTOO, it crumbles to dust.
It is a scroll of amnesia.
You feel forgetful for a moment.
Done exploring.
1068 ||| READING scroll labelled VAUFIC LIRR.
As you read the scroll labelled VAUFIC LIRR, it crumbles to dust.
You assume a fearsome visage.
Nothing appears to happen.
It was a scroll of fear.
Done exploring.
1069 ||| READING scroll labelled WIRGHOCZU OWKUS.
The air fills with toxic fumes!
As you read the scroll labelled WIRGHOCZU OWKUS, it crumbles to dust.
It was a scroll of poison.
Done exploring.
1070 ||| READING scroll labelled IJALOH VAHU.
As you read the scroll labelled IJALOH VAHU, it crumbles to dust.
It is a scroll of identify.
Really abort (and waste the scroll)?
Done exploring.
1071 ||| DROPPING scroll of blinking.
You drop a scroll of blinking.
Done exploring.
(D) Dungeon
Where to? (* - list waypoints, ? - help)
What level of the Dungeon? (default 1, ? - help) Sorry, I don't know how to get there.
Done exploring.
1072 ||| Stepping randomly (stuck).
Really walk into that cloud of poison gas?
You are engulfed in poison gas.
You are lethally poisoned!
You feel very sick.
1073 ||| Stepping ~*~*~tactically~*~*~ (cloud).
You feel very sick.
You see here a scroll of blinking.
There is a lethal amount of poison in your body!
You die...

.......)....................#.#..
#.##.........<.0¤.......##.##.#..
...............¤¤...........#.#..
.}.###.####.####¤####.###.}.#.#..
...###.####.####¤####.###...#.##.
.####...##...##¤¤¤##...####.#.##.
.## #.}.##.}.##0¤¤##.}.# ##.#....
..###...##...##¤¤¤##...###..##.#.
#...##.####.####@####.##...###.##
###...........¤0¤........####....
###########################.###
#......# #.######## #.....#...
#.###.#.## #.#...#... #.#.#####.


There were no monsters in sight!

Vanquished Creatures
  2 endoplasms (D:1)
  A giant cockroach (D:1)
  3 goblins (D:1)
  2 hobgoblins (D:1)
  3 ball pythons (D:1)
  A frilled lizard (D:1)
  A kobold (D:1)
  A rat (D:1)
14 creatures vanquished.

Notes
Turn   | Place    | Note
-------+----------+-------------------------------------------
     0 | D:1      | qw the Tengu Warper began the quest for the Orb.
     0 | D:1      | Reached XP level 1. HP: 12/12 MP: 4/4
     0 | D:1      | 0 ||| qw: Version: 0.1-a-89-g26bdef1
     0 | D:1      | 0 ||| qw: Game counter: 228
     0 | D:1      | 0 ||| qw: Always use a shield: true
     0 | D:1      | 0 ||| qw: God list: Okawaru
     0 | D:1      | 0 ||| qw: Allow faded altars: false
     0 | D:1      | 0 ||| qw: Do Orc after D:15 true
     0 | D:1      | 0 ||| qw: Do second Lair branch before Depths: true
     0 | D:1      | 0 ||| qw: Lair rune preference: random
     0 | D:1      | 0 ||| qw: Plans: Normal
     0 | D:1      | 0 ||| PLANNING D:1-11
    63 | D:1      | 63 ||| Stepping ~*~*~tactically~*~*~ (stealth).
    64 | D:1      | 64 ||| Stepping ~*~*~tactically~*~*~ (stealth).
    67 | D:1      | 67 ||| Stepping ~*~*~tactically~*~*~ (stealth).
    68 | D:1      | 68 ||| Stepping ~*~*~tactically~*~*~ (stealth).
    69 | D:1      | 69 ||| Stepping ~*~*~tactically~*~*~ (stealth).
    70 | D:1      | 70 ||| Stepping ~*~*~tactically~*~*~ (stealth).
    71 | D:1      | 71 ||| Stepping ~*~*~tactically~*~*~ (stealth).
    88 | D:1      | 88 ||| Stepping ~*~*~tactically~*~*~ (stealth).
   406 | D:1      | Reached XP level 2. HP: 17/17 MP: 6/6
   456 | D:1      | Reached skill level 3 in Axes
   789 | D:1      | Noticed a floating eye
   793 | D:1      | Found a faded altar of an unknown god.
   795 | D:1      | Noticed a shining eye
   795 | D:1      | Noticed a shining eye
   795 | D:1      | Noticed an eye of devastation
   861 | D:1      | 861 ||| DROPPING +0 club.
  1066 | D:1      | 1066 ||| READING scroll labelled ZAIRICLAMIB.
  1067 | D:1      | 1067 ||| READING scroll labelled QOUDDAUTOO.
  1068 | D:1      | 1068 ||| READING scroll labelled VAUFIC LIRR.
  1069 | D:1      | 1069 ||| READING scroll labelled WIRGHOCZU OWKUS.
  1070 | D:1      | 1070 ||| READING scroll labelled IJALOH VAHU.
  1071 | D:1      | 1071 ||| DROPPING scroll of blinking.
  1072 | D:1      | 1072 ||| Stepping randomly (stuck).
  1073 | D:1      | 1073 ||| Stepping ~*~*~tactically~*~*~ (cloud).
  1073 | D:1      | HP: 2/17 [poisoned by you (poison gas)]
  1074 | D:1      | Succumbed to their own poison gas

Levels and vault maps discovered:
D:1:      dpeg_arrival_chambers_temple_mockup, layout_basic,
          hellmonk_ecumenical_altar_watching_god, minmay_misc_feat_ornament,
          minmay_pentomino_r2

Skill      XL: |  1  2 |
---------------+-------+-----
Axes           | 3 |  3.3
Fighting       | |  2.0
Throwing       | |  1.0
Armour         | |  1.1
Dodging        | |  2.1
Spellcasting   | |  2.0
Translocations | |  2.4

Action                   || total
-------------------------++-------
Melee: Hand axe          ||    32
       Kick              ||     7
       Peck              ||     6
Throw: Boomerang         ||     7
  Use: Scroll            ||     5
Armor: Leather armour    ||     5
Dodge: Dodged            ||    11

Table legend:
 A = Non-vault XP
 B = Vault XP
 C = Vault XP percentage of total XP
 D = Non-vault monster count
 E = Vault monster count
 F = Vault count percentage of total count
                 A         B        C        D         E       F
            +---------+---------+-------+---------+---------+-------
      Total |      20 |       2 |   9.1 |      13 |       1 |   7.1
            +---------+---------+-------+---------+---------+-------
        D:1 |      20 |       2 |   9.1 |      13 |       1 |   7.1
            +---------+---------+-------+---------+---------+-------
